 Dungeon Crawl Stone Soup version 0.31-a0-801-gc67433417a (webtiles) character file.

Game seed: 16679910615288258601

2172 Ivernyr the Slasher (level 9, -3/30 (47) HPs)
             Began as a Vine Stalker Gladiator on Sept 20, 2023.
             Was a Believer of Wu Jian.
             Slain by Jeremiah
             ... wielding a +4 trident of draining
              (5 damage)
             ... on level 6 of the Dungeon.
             The game lasted 00:11:09 (5053 turns).

Ivernyr the Slasher (Vine Stalker Gladiator)        Turns: 5053, Time: 00:11:10

HP:   -3/30 (47)    AC:  9    Str: 18    XL:     9   Next: 32%
MP:   0/10          EV: 14    Int:  8    God:    Wu Jian [**....]
Gold: 378           SH:  0    Dex: 19    Spells: 8/8 levels left

rFire   . . .        a - +0 long sword
rCold   . . .        (no shield)
rNeg    . . .        b - +0 leather armour
rPois   .            c - +0 helmet
rElec   .            (no cloak)
rCorr   .            (no gloves)
SInv    .            j - +0 pair of boots
Will    +....        (no amulet)
Stlth   +            g - +4 ring of protection
HPRegen 1.05/turn    (no ring)
MPRegen 0.12/turn

%: guardian spirit
@: very heavily drained
A: fangs 3, regeneration 1, magic shield, antimagic bite, no potion heal 2
a: Renounce Religion, Wall Jump


You were on level 6 of the Dungeon.
You worshipped Wu Jian.
Wu Jian was pleased with you.
You visited 1 branch of the dungeon, and saw 6 of its levels.

You collected 378 gold pieces.

Inventory:

Hand Weapons
 a - a +0 long sword (weapon)
Missiles
 d - 8 throwing nets (quivered)
 e - a javelin
Armour
 b - a +0 leather armour (worn)
 c - a +0 helmet (worn)
 j - a +0 pair of boots (worn)
Jewellery
 g - a +4 ring of protection (left hand)
Wands
 k - a wand of flame (59)
Scrolls
 f - 6 scrolls of teleportation {unknown}
 h - a scroll of noise {unknown}
 i - a scroll of immolation {unknown}
 m - 2 scrolls of revelation {unknown}
 n - a scroll of fog {unknown}
 t - a scroll of blinking {unknown}
 u - 5 scrolls of identify {unknown}
Potions
 l - 2 potions of curing {unknown}
 o - a potion of heal wounds {unknown}
 p - a potion of invisibility {unknown}
 q - 2 potions of degeneration {unknown}
 r - a potion of enlightenment {unknown}
 s - a potion of mutation {unknown}
 v - 2 potions of might {unknown}


   Skills:
 + Level 5.1 Fighting
 * Level 7.5 Long Blades
 - Level 1.7 Throwing
 + Level 4.0 Armour
 + Level 5.1 Dodging
 - Level 1.1 Shields


You had 8 spell levels left.
You didn't know any spells.
Your spell library contained the following spells:

 Spells                   Type           Power      Damage    Failure   Level
 Magic Dart               Conj           0%         1d3       45%         1
 Call Imp                 Summ           0%         N/A       61%         2
 Cigotuvi's Dreadful Rot  Necr/Pois/Air  0%         N/A       61%         2
 Ignite Poison            Fire/Tmut/Pois 0%         N/A       83%         3
 Mephitic Cloud           Conj/Pois/Air  0%         N/A       83%         3
 Freezing Cloud           Conj/Ice/Air   0%         6-21      100%        5


Dungeon Overview and Level Annotations

Branches:
Dungeon (6/15)
 Temple: D:4-7

Altars:
Dithmenos
Makhleb
Sif Muna
Uskayaw
Wu Jian
Zin

Shops:
D:3 *

Annotations:
D:6 Jeremiah


Innate Abilities, Weirdness & Mutations

You have razor-sharp teeth.
Your natural rate of healing is unusually fast.
When hurt, damage is shared between your health and your magic reserves.
Your bite disrupts and absorbs the magic of your enemies.
Potions cannot restore your health.


Message History

You climb upwards.
There is a stone staircase leading down here.
Things that are here:
a +0 whip; a +1 halberd of flaming You see here a +0 halberd.
There is an escape hatch in the floor here.
You slide downwards.
The hatch slams shut behind you.
Level annotation: Jeremiah You closely miss Jeremiah.
You bite Jeremiah, but do no damage.
Jeremiah hits you with a +4 trident of draining.
You feel drained.
You barely miss Jeremiah. Your bite misses Jeremiah.
Jeremiah hits you with a +4 trident of draining.
You feel drained.
You hit Jeremiah. You bite Jeremiah. You drain their power.
You feel invigorated.
Jeremiah is lightly wounded.
Jeremiah throws their arms up pleadingly.
Something smites you!
You slash Jeremiah! You bite Jeremiah. You drain their power.
You feel invigorated.
Jeremiah is heavily wounded.
Jeremiah hits you with a +4 trident of draining!
You feel drained.
You closely miss Jeremiah. Your bite misses Jeremiah.
Jeremiah is heavily wounded.
Jeremiah hits you with a +4 trident of draining!
You feel drained.
You slash Jeremiah!
Jeremiah is severely wounded.
Jeremiah hits you with a +4 trident of draining!
* * * LOW HITPOINT WARNING * * *
You feel drained.
You hit Jeremiah.
Jeremiah is almost dead.
Jeremiah hits you with a +4 trident of draining!
* * * LOW HITPOINT WARNING * * *
You feel drained.
You die...
Jeremiah asks, "What happened?
Did... did you die?"

#.#..###..[....##
#.......# #.. .....#
##.....## ###.....# #..
###.## ##...## #.....# #..
#.# ##+## ###.### #.. #.#
#.# #.# #.. #.# #.# #.#
##.
###.#######.############.#
#............##Fb........#
#.#.##.##..b..bb@.########
#.#.##.###...bbb..# #
#.##.#.b.bbbb...#
#......##.#b.>..#
####.####[#..<..# #.#
#[####### ...####b###
##.....b..## #...####b.##


You could see Jeremiah.

Vanquished Creatures
  Prince Ribbit (D:5)
  Sigmund (D:3)
  A yak (D:6)
  A steam dragon (D:6)
  Menkaure (D:5)
  An ice beast (D:6)
  A black bear (D:5)
  An orc warrior (D:6)
  A sky beast (D:6)
  A centaur (D:6)
  A lemure (D:6)
  A phantom (D:5)
  A kobold brigand (D:6)
  Blork the orc (D:5)
  3 scorpions
  3 hounds
  2 jellies
  Terence (D:3)
  An iguana (D:5)
  2 orc wizards (D:6)
  Robin (D:4)
  3 adders
  15 gnolls
  2 worms (D:3)
  A dart slug (D:5)
  14 orcs
  3 ball pythons
  3 bats (D:2)
  10 endoplasms
  2 giant cockroaches
  27 hobgoblins
  5 jackals
  8 kobolds
  4 quokkas
  6 frilled lizards
  38 goblins
  6 rats
174 creatures vanquished.

Notes
Turn   | Place    | Note
-------+----------+-------------------------------------------
     0 | D:1      | Ivernyr the Vine Stalker Gladiator began the quest for the
                  | Orb.
     0 | D:1      | Reached XP level 1. HP: 11/11 MP: 2/2
   138 | D:1      | Reached XP level 2. HP: 15/15 MP: 3/3
   258 | D:1      | Reached skill level 3 in Long Blades
   273 | D:1      | Found a faded altar of an unknown god.
   705 | D:2      | Reached XP level 3. HP: 18/18 MP: 4/4
  1007 | D:2      | Reached skill level 1 in Armour
  1007 | D:2      | Reached XP level 4. HP: 17/23 MP: 1/5
  1963 | D:3      | Noticed Terence
  1973 | D:3      | Killed Terence
  1974 | D:3      | Reached XP level 5. HP: 20/27 MP: 3/6
  2061 | D:3      | Noticed Sigmund
  2077 | D:3      | Killed Sigmund
  2078 | D:3      | Reached skill level 4 in Long Blades
  2078 | D:3      | Reached XP level 6. HP: 17/32 MP: 5/7
  2203 | D:3      | Found Reff's General Store.
  2343 | D:4      | Found a burning altar of Makhleb.
  2344 | D:4      | Found an ornate altar of the Wu Jian Council.
  2349 | D:4      | Found a hide-covered altar of Uskayaw.
  2349 | D:4      | Found a glowing silver altar of Zin.
  2350 | D:4      | Noticed Robin
  2368 | D:4      | Killed Robin
  2385 | D:4      | Became a worshipper of the Wu Jian Council
  2712 | D:4      | Reached XP level 7. HP: 36/36 MP: 8/8
  2811 | D:4      | Reached skill level 5 in Long Blades
  2811 | D:4      | Reached * piety under Wu Jian
  2907 | D:4      | Found a shimmering blue altar of Sif Muna.
  3399 | D:4      | Reached ** piety under Wu Jian
  3637 | D:5      | Entered Level 5 of the Dungeon
  3867 | D:5      | Found a shadowy altar of Dithmenos.
  4009 | D:5      | Noticed Menkaure
  4023 | D:5      | Killed Menkaure
  4024 | D:5      | Gained mutation: You have razor-sharp teeth. [Vine Stalker
                  | growth]
  4024 | D:5      | Reached XP level 8. HP: 19/42 MP: 4/9
  4108 | D:5      | Noticed Prince Ribbit
  4133 | D:5      | Killed Prince Ribbit
  4134 | D:5      | Reached skill level 6 in Long Blades
  4232 | D:5      | Noticed Blork the orc
  4251 | D:5      | Killed Blork the orc
  4307 | D:5      | Reached skill level 1 in Shields
  4640 | D:6      | Reached skill level 7 in Long Blades
  4640 | D:6      | Reached XP level 9. HP: 46/46 MP: 10/10
  4805 | D:6      | Reached skill level 5 in Fighting
  4811 | D:6      | Noticed Jeremiah
  4814 | D:6      | Reached skill level 5 in Dodging
  5053 | D:6      | Slain by Jeremiah

Illustrated notes

Levels and vault maps discovered:
D:1:      sevenhm_arrival_forest_fort_small_3, layout_basic,
          hellmonk_ecumenical_altar_arch_garden
D:2:      layout_loops_corners, st_stairs_7
D:3:      layout_loops_ring, serial_shops, shop, kennysheep_generic_room_15,
          uniq_terence, uniq_sigmund
D:4:      minmay_goblin_kobold_castle, layout_rooms, kennysheep_orc_sif_temple,
          grunt_temple_overflow_open, uniq_robin
D:5:      layout_basic, grunt_dithmenos_smoke, uniq_menkaure,
          uniq_blork_the_orc, uniq_prince_ribbit1
D:6:      layout_loops_corners, eino_small_chamber_without_monster,
          nicolae_concentric_dashed_squares_mild, minmay_misc_feat_rugged,
          minmay_manual_moon, uniq_jeremiah, uniq_pikel

Skill      XL: |  1  2  3  4  5  6  7  8  9 |
---------------+----------------------------+-----
Fighting       | 2 3 4 5 |  5.1
Long Blades    | 3 4 5 7 |  7.5
Armour         | 1 2 3 4 |  4.0
Dodging        | 3 4 5 |  5.1
Shields        | 1 |  1.1
Throwing       | |  1.7

Action                     |  1- 3 |  4- 6 |  7- 9 || total
---------------------------+-------+-------+-------++-------
  Melee: Long sword        |    85 |   135 |   351 ||   571
         Bite              |    24 |    30 |    97 ||   151
         Punch             |       |     3 |     5 ||     8
Ability: Lunge             |       |     5 |    22 ||    27
         Whirlwind         |       |       |    29 ||    29
   Stab: Sleeping          |     3 |     1 |     2 ||     6
         Distracted        |       |       |     1 ||     1
 Armour: Leather armour    |    62 |    82 |   262 ||   406
  Dodge: Dodged            |    46 |   114 |   233 ||   393
  Block: Buckler           |       |       |     8 ||     8

Table legend: (Time is in decaauts)
 A = Elapsed time spent in this place.
 B = Non-inter-level travel time spent in this place.
 C = Inter-level travel time spent in this place.
 D = Time resting spent in this place.
 E = Time spent auto-exploring this place.
 F = Levels seen in this place.
 G = Mean time per level.
                   A        B        C        D        E       F      G
               +--------+--------+--------+--------+--------+-----+--------+
         Total |   5141 |   5008 |    133 |    119 |   3498 |   6 |  856.8 |
       Dungeon |   5141 |   5008 |    133 |    119 |   3498 |   6 |  856.8 |
               +--------+--------+--------+--------+--------+-----+--------+

Top non-repeatable levels by time:
     D:4: 1354 daAuts
     D:5: 985 daAuts
     D:2: 969 daAuts
     D:3: 720 daAuts
     D:1: 665 daAuts
     D:6: 446 daAuts
